 Dungeon Crawl Stone Soup version 0.31-a0-986-g5e6e4ef867 (webtiles) character file.

Game seed: 12218440916761021045

996 horus123 the Reanimator (level 7, -9/36 HPs)
             Began as a Deep Elf Necromancer on Nov 4, 2023.
             Killed from afar by a steam dragon (19 damage)
             ... with a ball of steam
             ... on level 6 of the Dungeon.
             The game lasted 00:11:16 (4735 turns).

horus123 the Reanimator (Deep Elf Necromancer)      Turns: 4735, Time: 00:11:18

Health: -9/36      AC:  6    Str:  5    XL:     7   Next: 99%
Magic:  10/16      EV: 13    Int: 20    God:
Gold:   316        SH:  0    Dex: 17    Spells: 2/16 levels left

rFire   . . .        m - staff of cold
rCold   + . .        (no shield)
rNeg    . . .        a - +0 robe
rPois   +            (no helmet)
rElec   .            (no cloak)
rCorr   +            (no gloves)
SInv    .            (no boots)
Will    ++...        (no amulet)
Stlth   ++           h - +4 ring of protection
HPRegen 0.26/turn    o - ring "Nyjium" {rPois Will++ rCorr Int-2 Dex+2}
MPRegen 0.15/turn

%: no passive effects
@: animating dead
A: no striking features
a: no special abilities


You were on level 6 of the Dungeon.
You visited 1 branch of the dungeon, and saw 6 of its levels.

You collected 316 gold pieces.

Inventory:

Hand Weapons
 i - a +0 arbalest
Armour
 a - a +0 robe (worn)
Magical Staves
 m - a staff of cold (weapon)
Jewellery
 h - a +4 ring of protection (left hand)
 o - the ring "Nyjium" (right hand) {rPois Will++ rCorr Int-2 Dex+2}
   (You found it on level 3 of the Dungeon)

   [ring of resist corrosion]

   Int-2:     It affects your intelligence (-2).
   Dex+2:     It affects your dexterity (+2).
   rPois:     It protects you from poison Will++: It greatly increases your
   willpower.
   rCorr:     It protects you from acid and corrosion.
 r - a ring of fire
 s - a ring of flight
Wands
 q - a wand of polymorph (8)
Scrolls
 c - a scroll of revelation
 d - a scroll of enchant armour {unknown}
 f - 2 scrolls of fog
 j - a scroll of teleportation
 l - a scroll of enchant weapon {unknown}
 t - a scroll of noise {unknown}
 u - a scroll of identify
Potions
 b - a potion of magic
 e - 4 potions of might {unknown}
 g - 4 potions of lignification {unknown}
 k - a potion of enlightenment {unknown}
 n - a potion of mutation {unknown}
 p - a potion of curing {unknown}


   Skills:
 - Level 2.4 Dodging
 - Level 2.4 Stealth
 + Level 5.0 Spellcasting
 - Level 5.0 Hexes
 - Level 10.4 Necromancy


You had 2 spell levels left.
You knew the following spells:

 Your Spells              Type           Power      Damage    Failure   Level
a - Necrotise             Necr           100%       1d9       1%          1
b - Vampiric Draining     Necr           46%        2d9       1%          3
c - Jinxbite              Hex            50%        N/A       2%          2
d - Anguish               Hex/Necr       17%        N/A       4%          4
e - Animate Dead          Necr           46%        N/A       1%          4

Your spell library contained the following spells:

 Spells                   Type           Power      Damage    Failure   Level
 Ensorcelled Hibernation  Hex/Ice        44%        N/A       6%          2
 Apportation              Tloc           10%        N/A       12%         1
 Agony                    Necr           46%        N/A       4%          5
 Alistair's Intoxication  Tmut/Pois      3%         N/A       97%         5


Dungeon Overview and Level Annotations

Branches:
Dungeon (6/15)
 Temple: D:4-7

Altars:
Qazlal
Zin

Shops:
D:3 (


Message History

The steam dragon bites something.
The steam dragon claws something.
The steam dragon breathes steam at you. The ball of steam misses you.
You barely miss the steam dragon.
The steam dragon is severely wounded.
You are engulfed in a cloud of scalding steam.
The steam dragon closely misses you. The steam dragon barely misses you.
You closely miss the steam dragon.
The steam dragon is severely wounded.
You are engulfed in a cloud of scalding steam.
The steam dragon barely misses you.
The steam dragon claws you but does no damage.
The steam dragon misses you.
The steam dragon claws you but does no damage.
Magic courses through your body. The steam dragon misses you. x2
Casting: Necrotise (safe; 1% risk of failure)
Confirm with . or Enter, or press ? or * to list all spells.
Aiming: Vampiric Draining (safe; 1% risk of failure)
Press: ? - help, Shift-Dir - straight line, f/p - steam dragon
Aim: a steam dragon (steam, severely wounded)
You draw life force from the steam dragon!
You feel life coursing into your body. The steam dragon breathes steam at you.
The ball of steam hits you!
The steam dragon bites something!
The steam dragon claws something.
Casting: Vampiric Draining (safe; 1% risk of failure)
Confirm with . or Enter, or press ? or * to list all spells.
Aiming: Vampiric Draining (safe; 1% risk of failure)
Press: ? - help, Shift-Dir - straight line, f/p - steam dragon
Aim: a steam dragon (almost dead, catching its breath)
You draw life force from the steam dragon!
You kill the steam dragon!
The steam dragon scales are intact enough to wear.
You feel life coursing into your body.
You are engulfed in a cloud of scalding steam.
* * * LOW HITPOINT WARNING * * *
The steam dragon breathes steam at you. The ball of steam hits you!!
Ouch! That really hurt!
You die...

# #.#### #....#
############.##
##.....#......§##
##........#####§§#
#........## ##@#
#.......## #§#
#.......#~P..D§D##
#.......#P.....~
#.......#≈......
##......##^...~P
##.....##~PP...
#####.####..##
#..# ###


You could see a steam dragon (catching breath).

Vanquished Creatures
  A steam dragon (D:6)
  2 ogres (D:5)
  A black bear (D:5)
  A bullfrog (D:4)
  4 scorpions
  2 hounds (D:4)
  A sleepcap (D:5)
  Terence (D:2)
  3 iguanas (D:5)
  4 adders
  2 river rats (D:3)
  2 white imps
  2 ufetubi (D:5)
  A worm (D:4)
  6 dart slugs
  4 orcs (D:3)
  5 ball pythons
  5 endoplasms
  2 giant cockroaches
  2 hobgoblins (D:1)
  6 jackals
  4 kobolds
  3 quokkas
  2 bats (D:2)
  4 frilled lizards
  4 goblins
  5 rats
79 creatures vanquished.

Vanquished Creatures (collateral kills)
  A black bear (D:5)
  An adder (D:5)
  An orc (D:3)
  A giant cockroach (D:3)
  A kobold (D:4)
5 creatures vanquished.

Vanquished Creatures (others)
  An adder zombie (D:5)
1 creature vanquished.

Grand Total: 85 creatures vanquished

Notes
Turn   | Place    | Note
-------+----------+-------------------------------------------
     0 | D:1      | horus123 the Deep Elf Necromancer began the quest for the
                  | Orb.
     0 | D:1      | Reached XP level 1. HP: 10/10 MP: 6/6
    15 | D:1      | Reached skill level 5 in Necromancy
   131 | D:1      | Reached XP level 2. HP: 15/15 MP: 5/8
   736 | D:2      | Noticed Terence
   742 | D:2      | Killed Terence
   743 | D:2      | Reached skill level 6 in Necromancy
   743 | D:2      | Reached XP level 3. HP: 14/19 MP: 3/10
   747 | D:2      | Learned a level 3 spell: Vampiric Draining
  1635 | D:3      | Learned a level 2 spell: Jinxbite
  1650 | D:3      | Reached XP level 4. HP: 24/24 MP: 10/12
  1687 | D:3      | Found Zuhuguam's Weapon Boutique.
  1695 | D:3      | Learned a level 4 spell: Anguish
  1849 | D:3      | Found a glowing drain.
  1867 | D:3      | Reached skill level 5 in Spellcasting
  1870 | D:3      | Reached skill level 1 in Hexes
  1938 | D:3      | Identified the ring "Nyjium" {rPois Will++ rCorr Int-2
                  | Dex+2}
  2112 | D:3      | Found a glowing silver altar of Zin.
  2680 | D:4      | Noticed a bullfrog
  2687 | D:4      | Killed a bullfrog
  2688 | D:4      | Reached XP level 5. HP: 13/28 MP: 4/14
  2859 | D:4      | Found a stormy altar of Qazlal.
  2865 | D:4      | Learned a level 4 spell: Animate Dead
  2943 | D:4      | Reached skill level 5 in Hexes
  2943 | D:4      | Reached XP level 6. HP: 29/32 MP: 7/15
  3654 | D:5      | Entered Level 5 of the Dungeon
  3787 | D:5      | Reached skill level 7 in Necromancy
  4101 | D:5      | Reached skill level 8 in Necromancy
  4190 | D:5      | Reached XP level 7. HP: 36/36 MP: 12/16
  4311 | D:5      | Reached skill level 9 in Necromancy
  4374 | D:5      | Reached skill level 10 in Necromancy
  4722 | D:6      | Noticed a steam dragon
  4722 | D:6      | Noticed a steam dragon
  4735 | D:6      | Killed a steam dragon
  4735 | D:6      | Killed from afar by a steam dragon

Illustrated notes

Levels and vault maps discovered:
D:1:      nzn_arrival_crosshair, layout_rooms
D:2:      layout_loops_ring, minmay_hedge_maze, uniq_terence
D:3:      layout_loops_ring, mainiacjoe_overflow_six_doors_small, serial_shops,
          shop, portal_sewer_entry_c
D:4:      layout_cave_pods, mainiacjoe_overflow_alcove_2
D:5:      layout_basic
D:6:      kennysheep_steamy, layout_rooms, fedhas_altar_4,
          grunt_dithmenos_smoke, serial_shops,
          nicolae_shop_bloodbath_and_beyond, uniq_crazy_yiuf_cottage,
          uniq_sigmund, uniq_edmund

Skill      XL: |  1  2  3  4  5  6  7 |
---------------+----------------------+-----
Necromancy     | 5 6 8 10 | 10.4
Spellcasting   | 4 5 |  5.0
Hexes          | 3 5 |  5.0
Dodging        | |  2.4
Stealth        | |  2.4

Action                     |  1- 3 |  4- 6 |  7- 9 || total
---------------------------+-------+-------+-------++-------
  Melee: Unarmed           |       |     1 |       ||     1
         Staff             |       |    22 |    18 ||    40
   Cast: Necrotise         |    59 |    89 |    30 ||   178
         Vampiric Draining |       |     5 |     5 ||    10
         Jinxbite          |       |     5 |     2 ||     7
         Animate Dead      |       |       |     2 ||     2
         Anguish           |       |       |     1 ||     1
    Use: Scroll            |       |     4 |       ||     4
         Potion            |       |       |     1 ||     1
 Armour: Robe              |     4 |    43 |    27 ||    74
  Dodge: Dodged            |     6 |    57 |    33 ||    96

Table legend: (Time is in decaauts)
 A = Elapsed time spent in this place.
 B = Non-inter-level travel time spent in this place.
 C = Inter-level travel time spent in this place.
 D = Time resting spent in this place.
 E = Time spent auto-exploring this place.
 F = Levels seen in this place.
 G = Mean time per level.
                   A        B        C        D        E       F      G
               +--------+--------+--------+--------+--------+-----+--------+
         Total |   4743 |   4522 |    221 |    294 |   3617 |   6 |  790.5 |
       Dungeon |   4743 |   4522 |    221 |    294 |   3617 |   6 |  790.5 |
               +--------+--------+--------+--------+--------+-----+--------+

Top non-repeatable levels by time:
     D:4: 1055 daAuts
     D:5: 1013 daAuts
     D:3: 969 daAuts
     D:2: 920 daAuts
     D:1: 710 daAuts
     D:6: 74 daAuts
